General information
- name: BNet
- type: Ladder team game (AT/RT)
- host: Battle.net
- saver: FriendlyTyler
map: Everfrost
- players: 6
- length: 19:59
- speed: Fast
- version: 1.26 W3XP
- replay type:

» download(170 KB)
Players
team 1 (winner)
BETUWISHUNOsrch (
blue | 100 APM | 1995 actions | 19:58)
4 Blademaster
2 Wind Walk
2 Critical Strike
» actions
| Assign group hotkey | 13 | |
| Basic commands | 13 | |
| Build / train | 53 | |
| Enter build submenu | 36 | |
| Enter hero's abilities submenu | 4 | |
| Give item / drop item | 3 | |
| Right click | 1324 | |
| Select / deselect | 150 | |
| Select group hotkey | 270 | |
| Use ability | 129 | |
1995 total
» units
» upgrades
| Reinforced Defenses | 1 | |
| Ranged Weapons | 3 | |
| Liquid Fire | 1 | |
| Armor | 2 | |
| Spiked Barricades | 1 | |
8 total
» buildings
| War Mill | 1 | |
| Altar of Storms | 1 | |
| Orc Burrow | 4 | |
| Voodoo Lounge | 3 | |
| Stronghold | 2 | |
| Watch Tower | 24 | |
| Fortress | 1 | |
| Beastiary | 2 | |
38 total
» build order
00:05 War Mill
00:08 Altar of Storms
00:16 Orc Burrow
01:55 Voodoo Lounge
02:03 Voodoo Lounge
02:04 Voodoo Lounge
02:53 Stronghold
03:27 Watch Tower
04:18 Watch Tower
05:02 Watch Tower
06:06 Watch Tower
06:13 Watch Tower
06:18 Watch Tower
06:19 Fortress
06:21 Beastiary
06:23 Beastiary
07:01 Orc Burrow
07:02 Orc Burrow
07:03 Orc Burrow
07:23 Watch Tower
07:26 Watch Tower
08:30 Watch Tower
08:37 Watch Tower
09:36 Watch Tower
10:26 Watch Tower
10:59 Watch Tower
11:30 Watch Tower
12:49 Watch Tower
12:56 Watch Tower
14:33 Watch Tower
14:35 Watch Tower
15:41 Watch Tower
15:43 Watch Tower
17:35 Watch Tower
17:36 Watch Tower
18:47 Watch Tower
19:12 Watch Tower
» items
| Staff of Teleportation | 1 | |
| Boots of Speed | 1 | |
| Healing Salve | 3 | |
| Lesser Clarity Potion | 5 | |
| Potion of Healing | 1 | |
11 total
Birdeneering (
green | 143 APM | 2847 actions | 19:58)
4 Mountain King
2 Storm Bolt
2 Bash
2 Paladin
1 Holy Light
1 Divine Shield
2 Blood Mage
1 Banish
1 Flame Strike
» actions
| Assign group hotkey | 374 | |
| Basic commands | 10 | |
| Build / train | 111 | |
| Enter build submenu | 95 | |
| Enter hero's abilities submenu | 8 | |
| Give item / drop item | 3 | |
| Remove unit from queue | 1 | |
| Right click | 1108 | |
| Select / deselect | 329 | |
| Select group hotkey | 610 | |
| Use ability | 196 | |
2847 total
» units
» upgrades
| Masonry | 3 | |
| Lumber Harvesting | 2 | |
| Magic Sentry | 1 | |
6 total
» buildings
| Altar of Kings | 1 | |
| Lumber Mill | 1 | |
| Farm | 6 | |
| Scout Tower | 92 | |
| Arcane Tower | 9 | |
| Guard Tower | 39 | |
| Keep | 1 | |
| Castle | 1 | |
| Arcane Sanctum | 1 | |
| Arcane Vault | 3 | |
| Town Hall | 1 | |
155 total
» build order
00:05 Altar of Kings
00:19 Lumber Mill
00:34 Farm
00:39 Farm
01:05 Farm
01:31 Farm
01:39 Scout Tower
01:41 Scout Tower
01:59 Scout Tower
02:05 Arcane Tower
02:05 Arcane Tower
02:05 Arcane Tower
02:25 Scout Tower
02:31 Scout Tower
02:40 Guard Tower
02:42 Scout Tower
02:49 Arcane Tower
02:50 Scout Tower
03:01 Guard Tower
03:03 Scout Tower
03:15 Scout Tower
03:28 Guard Tower
03:30 Scout Tower
03:35 Scout Tower
03:36 Arcane Tower
03:44 Scout Tower
03:45 Guard Tower
03:57 Guard Tower
04:00 Scout Tower
04:05 Guard Tower
04:06 Scout Tower
04:10 Scout Tower
04:13 Scout Tower
04:30 Guard Tower
04:32 Scout Tower
05:01 Guard Tower
05:02 Scout Tower
05:30 Keep
05:34 Guard Tower
05:37 Scout Tower
05:42 Scout Tower
05:46 Scout Tower
06:03 Scout Tower
06:05 Guard Tower
06:07 Guard Tower
06:09 Scout Tower
06:10 Scout Tower
06:15 Guard Tower
06:17 Scout Tower
06:18 Scout Tower
06:38 Arcane Tower
06:44 Scout Tower
06:46 Scout Tower
06:49 Arcane Tower
06:50 Guard Tower
06:51 Scout Tower
06:52 Scout Tower
07:07 Guard Tower
07:09 Scout Tower
07:09 Scout Tower
07:14 Arcane Tower
07:24 Guard Tower
07:40 Guard Tower
08:23 Guard Tower
08:24 Scout Tower
08:25 Scout Tower
08:51 Castle
09:03 Guard Tower
09:07 Scout Tower
09:08 Scout Tower
09:20 Farm
09:21 Farm
10:05 Guard Tower
10:08 Scout Tower
10:12 Scout Tower
10:31 Scout Tower
10:42 Guard Tower
10:45 Scout Tower
10:46 Scout Tower
11:02 Scout Tower
11:03 Guard Tower
11:18 Arcane Sanctum
11:34 Guard Tower
11:35 Scout Tower
11:36 Scout Tower
11:41 Guard Tower
11:42 Scout Tower
11:43 Scout Tower
11:47 Arcane Vault
11:51 Town Hall
11:56 Scout Tower
11:56 Scout Tower
11:58 Scout Tower
11:59 Scout Tower
12:02 Scout Tower
12:03 Scout Tower
12:04 Scout Tower
12:13 Arcane Tower
13:04 Arcane Vault
13:14 Guard Tower
13:17 Scout Tower
13:18 Scout Tower
13:41 Guard Tower
13:47 Arcane Vault
13:49 Guard Tower
13:50 Scout Tower
13:50 Scout Tower
13:51 Scout Tower
14:11 Scout Tower
14:12 Scout Tower
14:30 Scout Tower
14:31 Scout Tower
14:31 Scout Tower
14:37 Scout Tower
14:37 Scout Tower
14:38 Scout Tower
14:38 Scout Tower
14:39 Guard Tower
14:42 Scout Tower
14:43 Scout Tower
14:43 Scout Tower
14:45 Scout Tower
14:46 Scout Tower
14:46 Scout Tower
14:47 Scout Tower
14:59 Scout Tower
15:00 Scout Tower
16:05 Guard Tower
16:07 Scout Tower
16:09 Scout Tower
16:15 Guard Tower
16:16 Scout Tower
16:18 Scout Tower
16:19 Scout Tower
16:21 Guard Tower
16:54 Scout Tower
17:22 Guard Tower
17:26 Scout Tower
17:52 Scout Tower
17:53 Guard Tower
17:54 Scout Tower
17:55 Scout Tower
17:56 Guard Tower
18:00 Scout Tower
18:01 Scout Tower
18:03 Scout Tower
18:04 Scout Tower
18:09 Scout Tower
18:28 Guard Tower
19:05 Guard Tower
19:09 Guard Tower
19:15 Guard Tower
19:40 Scout Tower
» items
| Healing Salve | 3 | |
| Lesser Clarity Potion | 3 | |
| Boots of Speed | 2 | |
| Staff of Teleportation | 2 | |
| Scroll of Town Portal | 1 | |
| Staff of Sanctuary | 2 | |
| Orb of Lightning | 2 | |
15 total
FriendlyTyler (
orange | 108 APM | 2152 actions | 19:59)
4 Demon Hunter
2 Mana Burn
2 Evasion
3 Pandaren Brewmaster
2 Breath of Fire
1 Drunken Haze
» actions
| Assign group hotkey | 5 | |
| Basic commands | 6 | |
| Build / train | 48 | |
| Enter build submenu | 20 | |
| Enter hero's abilities submenu | 8 | |
| Give item / drop item | 15 | |
| Right click | 1478 | |
| Select / deselect | 295 | |
| Select group hotkey | 195 | |
| Use ability | 82 | |
2152 total
» units
» upgrades
| Nature's Blessing | 1 | |
| Ultravision | 1 | |
2 total
» buildings
| Altar of Elders | 1 | |
| Moon Well | 16 | |
| Tree of Ages | 1 | |
| Tree of Life | 2 | |
| Ancient of Wonders | 2 | |
| Tree of Eternity | 1 | |
| Hunter's Hall | 1 | |
24 total
» build order
00:09 Altar of Elders
00:27 Moon Well
02:29 Moon Well
03:37 Moon Well
04:59 Tree of Ages
06:55 Tree of Life
06:59 Tree of Life
07:00 Moon Well
07:27 Ancient of Wonders
07:55 Ancient of Wonders
11:39 Tree of Eternity
12:51 Hunter's Hall
14:02 Moon Well
14:03 Moon Well
14:03 Moon Well
14:04 Moon Well
14:10 Moon Well
14:11 Moon Well
14:12 Moon Well
14:13 Moon Well
17:12 Moon Well
17:27 Moon Well
18:29 Moon Well
18:30 Moon Well
» items
| Boots of Speed | 2 | |
| Staff of Teleportation | 2 | |
| Healing Salve | 1 | |
| Orb of Lightning | 2 | |
| Orb of Venom | 1 | |
| Staff of Preservation | 1 | |
| Staff of Sanctuary | 1 | |
10 total
team 2 (loser)
royd.Joe (
teal | 72 APM | 1434 actions | 19:54)
3 Death Knight
2 Death Coil
1 Unholy Aura
» actions
| Assign group hotkey | 23 | |
| Build / train | 47 | |
| Enter build submenu | 15 | |
| Enter hero's abilities submenu | 4 | |
| Remove unit from queue | 2 | |
| Right click | 626 | |
| Select / deselect | 296 | |
| Select group hotkey | 374 | |
| Use ability | 47 | |
1434 total
» units
| Acolyte | 9 | |
| Ghoul | 4 | |
| Crypt Fiend | 7 | |
| Frost Wyrm | 9 | |
29 total
» upgrades
| Creature Attack | 2 | |
| Creature Carapace | 1 | |
| Web | 1 | |
4 total
» buildings
| Crypt | 1 | |
| Graveyard | 1 | |
| Altar of Darkness | 1 | |
| Ziggurat | 8 | |
| Tomb of Relics | 1 | |
| Nerubian Tower | 1 | |
| Halls of the Dead | 1 | |
| Black Citadel | 1 | |
| Sacrificial Pit | 1 | |
| Spirit Tower | 1 | |
| Boneyard | 3 | |
20 total
» build order
00:09 Crypt
00:13 Graveyard
00:47 Altar of Darkness
01:01 Ziggurat
01:29 Tomb of Relics
02:28 Ziggurat
03:00 Nerubian Tower
03:45 Halls of the Dead
05:11 Ziggurat
06:06 Black Citadel
06:50 Ziggurat
06:50 Ziggurat
07:27 Sacrificial Pit
08:13 Spirit Tower
09:03 Boneyard
09:05 Boneyard
10:16 Ziggurat
10:39 Boneyard
10:46 Ziggurat
10:47 Ziggurat
» items
| Rod of Necromancy | 1 | |
| Scroll of Town Portal | 1 | |
| Dust of Appearance | 1 | |
| Potion of Healing | 1 | |
4 total

»
royd.w_tom (
pink | 107 APM | 2145 actions | 19:57)
2 Archmage
1 Summon Water Elemental
1 Brilliance Aura
1 Mountain King
1 Storm Bolt
» actions
| Assign group hotkey | 27 | |
| Build / train | 56 | |
| Enter build submenu | 26 | |
| Enter hero's abilities submenu | 3 | |
| Right click | 962 | |
| Select / deselect | 215 | |
| Select group hotkey | 821 | |
| Use ability | 35 | |
2145 total
» units
| Peasant | 12 | |
| Footman | 7 | |
| Rifleman | 9 | |
| Mortar Team | 8 | |
36 total
» upgrades
| Defend | 1 | |
| Gunpowder | 2 | |
| Armor | 2 | |
| Long Rifles | 1 | |
| Masonry | 1 | |
| Flare | 1 | |
| Fragmentation Shards | 1 | |
9 total
» buildings
| Barracks | 1 | |
| Farm | 12 | |
| Altar of Kings | 1 | |
| Blacksmith | 1 | |
| Scout Tower | 2 | |
| Arcane Tower | 1 | |
| Arcane Vault | 1 | |
| Keep | 1 | |
| Lumber Mill | 1 | |
| Workshop | 2 | |
| Guard Tower | 1 | |
| Castle | 1 | |
25 total
» build order
00:07 Barracks
00:13 Farm
00:19 Altar of Kings
00:53 Farm
01:35 Farm
02:10 Farm
02:38 Blacksmith
02:43 Scout Tower
04:55 Arcane Tower
06:43 Arcane Vault
06:48 Farm
06:52 Keep
07:20 Lumber Mill
07:41 Farm
09:21 Scout Tower
11:09 Workshop
11:23 Farm
11:26 Farm
11:32 Guard Tower
11:44 Workshop
14:01 Farm
14:27 Farm
14:30 Farm
14:35 Farm
14:39 Castle
» items
ubaspsychocs (
yellow | 114 APM | 2270 actions | 19:55)
2 Death Knight
1 Death Coil
1 Unholy Aura
1 Lich
1 Frost Nova
1 Crypt Lord
1 Impale
» actions
| Assign group hotkey | 31 | |
| Basic commands | 6 | |
| Build / train | 56 | |
| ESC pressed | 1 | |
| Enter build submenu | 19 | |
| Enter hero's abilities submenu | 4 | |
| Right click | 1084 | |
| Select / deselect | 319 | |
| Select group hotkey | 680 | |
| Use ability | 70 | |
2270 total
» units
| Acolyte | 17 | |
| Ghoul | 5 | |
| Crypt Fiend | 7 | |
| Obsidian Statue | 5 | |
34 total
» upgrades
| Creature Attack | 2 | |
| Web | 1 | |
| Burrow | 1 | |
| Destroyer Form | 1 | |
5 total
» buildings
| Crypt | 2 | |
| Graveyard | 1 | |
| Ziggurat | 10 | |
| Altar of Darkness | 1 | |
| Tomb of Relics | 1 | |
| Nerubian Tower | 2 | |
| Halls of the Dead | 1 | |
| Slaughterhouse | 2 | |
| Black Citadel | 1 | |
21 total
» build order
00:11 Crypt
00:15 Graveyard
00:38 Ziggurat
00:59 Altar of Darkness
01:47 Tomb of Relics
02:24 Ziggurat
02:47 Nerubian Tower
03:32 Halls of the Dead
04:37 Crypt
05:19 Ziggurat
07:00 Slaughterhouse
07:18 Ziggurat
09:10 Slaughterhouse
10:34 Black Citadel
11:31 Ziggurat
11:34 Ziggurat
14:09 Ziggurat
14:35 Ziggurat
18:41 Ziggurat
18:45 Nerubian Tower
19:26 Ziggurat
» items
| Rod of Necromancy | 2 | |
| Dust of Appearance | 2 | |
| Potion of Healing | 1 | |
| Scroll of Town Portal | 1 | |
6 total
Chat log
(17:36 / All) Birdeneering: attention
(17:37 / All) Birdeneering: you are really bad
(17:50 / All) Birdeneering: play better
(19:53 / All) Birdeneering: hey
(19:55 / Allies) Birdeneering: are you going to play better?
(19:57 / All) FriendlyTyler: lmao